cohdb
Replays
Latest Replays
All Replays
Popular Replays
Top Player Replays
Match Explorer
How It Works
Community
CoH3 Stats
Reddit
Sign in to upload your games and track your stats! →
Sign in with Steam
Match 40649052
Unlisted
Match 40649052
Overview
Messages
Build Orders
End
Vickers Machine Gun Team
Construct Section Command Post
Selects Air and Sea Battlegroup
Infantry Section
Infantry Section
Infantry Section
Selects Supply Surplus
ML 3-inch Mortar Team
Construct Platoon Command Post
Construct Field Infirmary
Forward Retreat Point
Unlock Bishop Self-propelled Artillery
Selects UNKNOWN (223837)
Bishop Self-propelled Artillery
6-pounder Anti-tank Gun Team
Selects Commando Section Paradrop
Selects M1 Pack Howitzer Paradrop
Construct Field Infirmary
Construct Field Infirmary
Jibaro
Old Dad
蹲在厕所里数蛆
Viking92
Husar
GnaarVogel
Stuka
anakonda
0
0
Comments
sign in to comment!
No comments posted yet!